 Dungeon Crawl Stone Soup version 0.27.0-1-g7a089689b8 (webtiles) character file.

Game seed: 17940378874002229404

4 seveneves the Conjurer (level 1, 0/16 HPs)
             Began as an Ogre Conjurer on Aug 6, 2021.
             Slain by a giant cockroach (1 damage)
             ... on level 1 of the Dungeon on Aug 9, 2021.
             The game lasted 00:01:42 (240 turns).

seveneves the Conjurer (Ogre Conjurer)               Turns: 240, Time: 00:01:42

Health: 0/16       AC:  3    Str: 10    XL:     1   Next: 70%
Magic:  3/3        EV:  9    Int: 19    God:
Gold:   5          SH:  0    Dex:  7    Spells: 3/4 levels left

rFire    . . .     SeeInvis .   (no weapon)
rCold    . . .     Faith    .   (no shield)
rNeg     . . .     Spirit   .   a - +0 robe
rPois    .         Reflect  .   (helmet restricted)
rElec    .         Harm     .   (no cloak)
rCorr    .         Rampage  .   (gloves unavailable)
Will     .....                  (boots unavailable)
Stlth    +.........             (no amulet)
HPRegen  0.05/turn              (no ring)
MPRegen  0.08/turn              (no ring)

@: no status effects
A: large, unfitting armour, tough skin 1
a: no special abilities


You were on level 1 of the Dungeon.
You visited 1 branch of the dungeon, and saw 1 of its levels.

You collected 5 gold pieces.

Inventory:

Armour
 a - a +0 robe (worn)
Jewellery
 d - a ring of wizardry
Scrolls
 b - a scroll of amnesia {unknown}
 c - a scroll of immolation


   Skills:
 + Level 1.8 Dodging
 + Level 1.4 Stealth
 + Level 2.4 Spellcasting
 + Level 3.8 Conjurations


You had 3 spell levels left.
You knew the following spells:

 Your Spells              Type           Power      Damage    Failure   Level
a - Magic Dart            Conj           64%        1d6       3%          1

Your spell library contained the following spells:

 Spells                   Type           Power      Damage    Failure   Level
 Searing Ray              Conj           32%        3d4       4%          2
 Dazzling Flash           Conj/Hex       18%        N/A       22%         3
 Fulminant Prism          Conj/Hex       4%         3d6       58%         4
 Iskenderun's Mystic Bla  Conj/Tloc      9%         2d4       58%         4


Dungeon Overview and Level Annotations

Branches:
Dungeon (1/15)

Altars:

Shops:
D:1 *


Innate Abilities, Weirdness & Mutations

You are too large for most types of armour.
You have tough skin. (AC +1)


Message History

The quokka bites you.
The giant cockroach completely misses you.
You hit the quokka.
The quokka is severely wounded.
The quokka bites you but does no damage.
The giant cockroach bites you but does no damage.
You hit the quokka.
You kill the quokka!
The giant cockroach bites you.
You barely miss the endoplasm.
The giant cockroach bites you but does no damage.
The endoplasm closely misses you.
You hit the endoplasm.
The endoplasm is moderately wounded.
The giant cockroach bites you. The giant cockroach barely misses you.
The endoplasm freezes you.
You are frozen.
You hit the endoplasm but do no damage.
The endoplasm is moderately wounded.
The giant cockroach bites you but does no damage.
The endoplasm hits you but does no damage.
You hit the endoplasm but do no damage.
The endoplasm is moderately wounded.
The giant cockroach closely misses you. The endoplasm freezes you.
You are frozen.
You hit the endoplasm.
The endoplasm is severely wounded.
The giant cockroach barely misses you. The endoplasm hits you.
* * * LOW HITPOINT WARNING * * *
You completely miss the endoplasm.
The endoplasm is severely wounded.
The giant cockroach barely misses you. The endoplasm freezes you.
You are frozen.
* * * LOW HITPOINT WARNING * * *
You hit the endoplasm.
You kill the endoplasm!
The giant cockroach barely misses you. The giant cockroach bites you.
You die...

#.......##..................
#..........#####...#########
#..####.#..# ##.(.## #.
###.#..# #.....# #..
#......# ##...##
#..##.#.#.## ##.##
#.........# #.# #.##.#..###
#.# #...###.# #@# ##.## ##.#
#.†B# #.## #.# #.....# ##.##
## #.......# ###.##
#.........# .....#
+.........+ .####....#
#.........# .# ....#
##.......## ... ...#


You could see a giant cockroach.

Vanquished Creatures
  An endoplasm (D:1)
  A hobgoblin (D:1)
  A quokka (D:1)
  A ball python (D:1)
  A bat (D:1)
  A rat (D:1)
6 creatures vanquished.

Notes
Turn   | Place    | Note
-------+----------+-------------------------------------------
     0 | D:1      | seveneves the Ogre Conjurer began the quest for the Orb.
     0 | D:1      | Reached XP level 1. HP: 16/16 MP: 3/3
    34 | D:1      | Found Omeezas's General Store.
    89 | D:1      | Found a faded altar of an unknown god.
   240 | D:1      | Slain by a giant cockroach

Illustrated notes

Levels and vault maps discovered:
D:1:      kennysheep_arrival_forest, layout_loops_corners, serial_shops,
          nicolae_shop_crystal, hellmonk_ecumenical_altar_blasted

Action                   || total
-------------------------++-------
Melee: Unarmed           ||    24
 Cast: Magic Dart        ||     1
Armor: Robe              ||    12
Dodge: Dodged            ||    20
